Map: Neon Violet Square LE

Players

Erfeyah - Winner!

  • Race: Protoss Protoss
  • Spawn Location: 5:00

A.I. 1 (Easy)

  • Race: Terran Terran
  • Spawn Location: 11:00

VOD

Have the link to the VOD?

Description

Time

  • Played on: Nov. 22, 2017, 10:52 a.m.
  • Length: 10:51
Show
View Real Time Build Order
Export as new Build Order

Erfeyah Protoss - Winner!

Build Orders:  

Get SALT Encoding   

  12  0:03  Probe (Chrono Boost)  
  14  0:15  Probe (Chrono Boost)  
  14  0:34  Pylon  
  14  1:08  Gateway  
  14  1:13  Assimilator  
  14  1:20  Probe (Chrono Boost)  
  15  1:31  Probe (Chrono Boost)  
  16  1:40  Gateway  
  16  1:41  Gateway  
  16  1:43  Gateway  
  16  1:46  Gateway  
  16  1:50  Probe  
  17  2:02  Probe  
  18  2:08  Pylon  
  18  2:11  Pylon  
  18  2:13  Pylon  
  18  2:19  Pylon  
  18  2:25  Pylon  
  18  2:37  Zealot  
  18  2:38  Zealot  
  22  3:02  Assimilator  
  22  3:08  Zealot x2  
  22  3:09  Zealot  
  28  3:15  Probe (Chrono Boost)  
  29  3:26  Probe (Chrono Boost)  
  30  3:49  Pylon  
  30  3:51  Pylon  
  30  3:54  Pylon  
  30  4:22  Cybernetics Core  
  30  4:53  Nexus  
  30  5:37  Stalker x2  
  30  5:38  Stalker x2  
  30  5:39  Stalker  
  40  5:54  Warp Gate (Chrono Boost)  
  40  6:05  Probe (Chrono Boost)  
  40  6:07  Stalker x2  
  40  6:08  Stalker  
  47  6:17  Probe (Chrono Boost)  
  48  6:45  Stalker  
  50  6:49  Stalker x3  
  50  6:50  Stalker  
  58  7:15  Stalker  
  60  7:40  Stalker  
  60  7:41  Stalker x3  
  68  7:45  Stalker  
  69  8:10  Stalker  
Show
View Real Time Build Order
Export as new Build Order

A.I. 1 (Easy) Terran 

Build Orders:  

Get SALT Encoding   

  12  0:00  SCV  
  13  0:13  SCV  
  14  0:20  Supply Depot  
  14  0:25  SCV  
  15  0:41  SCV  
  16  0:42  Barracks  
  16  0:45  Refinery  
  16  1:11  Supply Depot  
  16  1:22  Refinery  
  16  1:30  Marine  
  16  1:32  Orbital Command  
  17  1:49  Barracks Tech Lab  
  17  1:57  SCV  
  18  2:06  Marine  
  19  2:09  SCV  
  19  2:11  Supply Depot  
  20  2:22  SCV  
  21  2:24  Marine  
  22  2:34  SCV  
  23  2:43  Marauder  
  25  2:46  SCV  
  26  2:58  SCV  
  27  3:04  Marauder  
  29  5:20  SCV, Reaper  
  31  5:22  Supply Depot  
  31  5:28  Factory  
  31  5:32  SCV  
  32  5:44  SCV  
  32  5:46  Supply Depot  
  33  5:52  Marine  
  34  6:08  Command Center  
  34  6:09  Marine  
  35  6:14  Starport  
  28  6:27  Marine  
  29  6:45  Marine  
  30  6:52  Starport Tech Lab  
  29  7:03  Reaper  
  30  7:09  Raven  
  32  7:20  SCV  
  33  7:25  SCV  
  34  7:30  Refinery x2  
  34  7:32  SCV  
  34  7:35  Marauder  
  38  7:37  SCV  
  38  7:45  SCV  
  38  7:49  SCV  
  40  7:52  Raven  
  40  7:57  SCV, Marauder  
  45  8:01  SCV  
  46  8:09  SCV  
  47  8:13  SCV  
  47  8:18  Reaper  
  49  8:21  SCV  
  49  8:25  SCV  
  51  8:33  SCV  
  51  8:37  SCV  
  52  8:45  SCV  
  53  8:49  SCV  
  53  8:50  Reaper  
  55  8:57  SCV  
  55  9:01  SCV  
  57  9:09  SCV  
  55  9:11  Viking  
  55  9:13  SCV, Supply Depot  
  50  9:21  SCV  
  49  9:24  Marine  
  49  9:26  SCV  
  46  9:33  SCV  
  41  9:42  Marine  
  31  9:45  SCV  
  31  9:53  Hellion  
  31  9:58  SCV  
  30  10:06  Marine  
  30  10:10  SCV  
  30  10:12  Medivac  
  29  10:14  Supply Depot  
  25  10:22  SCV  
  19  10:32  Factory Tech Lab  
  19  10:34  SCV  
Tags
 
Add a new tag
Caveats
  • Supply blocks, unpowered buildings, or Contaminate may cause inaccurate times.
  • Supply counts are checked every 10 seconds.